 Dungeon Crawl Stone Soup version 0.31-a0-931-g7b59d4eb97 (webtiles) character file.

Game seed: 12531247094793747873

103 Maratek the Shooter (level 4, 0/31 HPs)
             Began as an Octopode Hunter on Oct 19, 2023.
             Slain by an orc priest
             ... wielding a +0 club
              (4 damage)
             ... on level 3 of the Dungeon.
             The game lasted 00:03:11 (2554 turns).

Maratek the Shooter (Octopode Hunter)               Turns: 2554, Time: 00:03:11

Health: 0/31       AC:  1    Str: 10    XL:     4   Next: 79%
Magic:  4/4        EV: 14    Int: 11    God:
Gold:   99         SH:  0    Dex: 17    Spells: 3/3 levels left

rFire   . . .        a - +0 shortbow
rCold   . . .        (shield currently unavailable)
rNeg    . . .        p - +0 hat
rPois   .            (no amulet)
rElec   .            (no ring)
rCorr   .            (no ring)
SInv    .            (no ring)
Will    .....        (no ring)
Stlth   +++          (no ring)
HPRegen 0.25/turn    (no ring)
MPRegen 0.09/turn    (no ring)
                     (no ring)

%: no passive effects
@: no status effects
A: almost no armour, amphibious, 8 rings, camouflage 1, gelatinous body 1,
(nimble swimmer 1), tentacles
a: no special abilities


You were on level 3 of the Dungeon.
You visited 1 branch of the dungeon, and saw 3 of its levels.

You collected 99 gold pieces.

Inventory:

Hand Weapons
 a - a +0 shortbow (weapon)
Armour
 p - a +0 hat (worn)
Scrolls
 b - a scroll of butterflies
 d - a scroll of enchant weapon {unknown}
 f - a scroll of torment {unknown}
 g - a scroll of immolation {unknown}
 j - a scroll of poison {unknown}
 r - a scroll of identify {unknown}
Potions
 c - 2 potions of mutation {unknown}
 e - 2 potions of heal wounds {unknown}
 h - a potion of attraction {unknown}
 i - a potion of might {unknown}
 k - 2 potions of brilliance {unknown}
 l - a potion of resistance {unknown}
 m - a potion of ambrosia {unknown}
 n - a potion of magic {unknown}
 o - a potion of lignification {unknown}
 q - a potion of enlightenment {unknown}


   Skills:
 + Level 3.0 Fighting
 + Level 5.2 Ranged Weapons
 + Level 2.4 Dodging
 + Level 2.0 Stealth


You had 3 spell levels left.
You didn't know any spells.
Your spell library was empty.

Dungeon Overview and Level Annotations

Branches:
Dungeon (3/15)

Altars:


Innate Abilities, Weirdness & Mutations

You cannot wear most types of armour.
You are amphibious.
You can wear up to eight rings at the same time.
Your skin changes colour to match your surroundings (Stealth+).
Your rubbery body absorbs attacks. (AC +1, EV +1)
((You are camouflaged when in or above water. (Stealth+)))
You have tentacles for arms and can constrict up to eight enemies at once.


Message History

The arrow hits the orc priest but does no damage.
The orc priest is lightly wounded.
You shoot an arrow. The arrow hits the orc priest.
The orc priest is heavily wounded.
The orc wizard casts a spell.
The orc wizard flickers and vanishes!
Deactivating autopickup; reactivate with Ctrl-A.
You shoot an arrow. The arrow hits the orc priest.
The orc priest is almost dead.
The orc priest barely misses you.
You shoot an arrow.
The arrow hits the orc priest but does no damage.
The orc priest is almost dead.
The orc priest barely misses you. The orc barely misses you.
An orc comes into view. It is wielding a +0 club.
You shoot an arrow.
The arrow hits the orc priest but does no damage.
The orc priest is almost dead.
The orc priest hits you with a +0 club. The orc hits you with a +0 hand axe.
The orc priest mumbles some strange prayers to Beogh against you.
Beogh smites you!
* * * LOW HITPOINT WARNING * * *
You are too injured to fight recklessly!
You are too injured to fight recklessly!
You are too injured to fight recklessly!
Fire: a) +0 shortbow
Press: ? - help, Q - select action Shift-Dir - straight line, f/p - orc priest
Aim: an orc priest, wielding a +0 club and wearing a +0 chain mail (almost dead, 70% to hit)
You shoot an arrow.
The arrow hits the orc priest but does no damage.
The orc priest is almost dead.
The orc priest completely misses you. Something barely misses you.
Fire: a) +0 shortbow
Press: ? - help, Q - select action Shift-Dir - straight line, f/p - orc priest
Aim: an orc priest, wielding a +0 club and wearing a +0 chain mail (almost dead, 70% to hit)
You shoot an arrow.
The arrow hits the orc priest but does no damage.
The orc priest is almost dead.
The orc priest hits you with a +0 club.
You die...

.. . ######### .##
#.......# o.# #
#.......# #.#.#
#.......##.###.#.#
#.......##...oo..#
#.......# #@#
#[).....# #.#
#.......######.####
####.###.†........#
##...##.##.##.##.#
. #.###.#.##.#..# #
..##.# ......#..#
.....###.#.##.#..#
..#........#.#....


You could see an orc priest and 2 orcs.

Vanquished Creatures
  4 adders
  2 worms
  3 dart slugs
  3 orcs (D:3)
  2 endoplasms
  3 giant cockroaches
  2 goblins (D:2)
  3 hobgoblins
  7 jackals (D:2)
  5 quokkas
  2 ball pythons
  5 bats
  2 frilled lizards (D:1)
  2 kobolds
  8 rats
53 creatures vanquished.

Notes
Turn   | Place    | Note
-------+----------+-------------------------------------------
     0 | D:1      | Maratek the Octopode Hunter began the quest for the Orb.
     0 | D:1      | Reached XP level 1. HP: 14/14 MP: 1/1
   410 | D:1      | Reached XP level 2. HP: 19/19 MP: 2/2
   472 | D:1      | Found a faded altar of an unknown god.
   859 | D:1      | Reached XP level 3. HP: 5/25 MP: 3/3
  1919 | D:2      | Reached XP level 4. HP: 30/30 MP: 4/4
  2098 | D:2      | Reached skill level 5 in Ranged Weapons
  2554 | D:3      | Slain by an orc priest

Illustrated notes

Levels and vault maps discovered:
D:1:      dpeg_arrival_water_temple_mockup, layout_loops_ring,
          basic_ecumenical_altar, feat_on_display
D:2:      layout_loops_ring
D:3:      layout_loops_cross, kennysheep_generic_room_6, uniq_terence

Skill      XL: |  1  2  3  4 |
---------------+-------------+-----
Stealth        | 2 |  2.0
Ranged Weapons | 5 |  5.2
Fighting       | 3 |  3.0
Dodging        | |  2.4

Action                     |  1- 3 |  4- 6 || total
---------------------------+-------+-------++-------
   Fire: Shortbow          |   114 |    72 ||   186
 Armour: Skin              |    36 |     5 ||    41
  Dodge: Dodged            |    58 |    17 ||    75

Table legend: (Time is in decaauts)
 A = Elapsed time spent in this place.
 B = Non-inter-level travel time spent in this place.
 C = Inter-level travel time spent in this place.
 D = Time resting spent in this place.
 E = Time spent auto-exploring this place.
 F = Levels seen in this place.
 G = Mean time per level.
                   A        B        C        D        E       F      G
               +--------+--------+--------+--------+--------+-----+--------+
         Total |   2584 |   2491 |     93 |    906 |   1269 |   3 |  861.3 |
       Dungeon |   2584 |   2491 |     93 |    906 |   1269 |   3 |  861.3 |
               +--------+--------+--------+--------+--------+-----+--------+

Top non-repeatable levels by time:
     D:2: 1166 daAuts
     D:1: 1128 daAuts
     D:3: 289 daAuts
